 Dungeon Crawl Stone Soup version 5.6-27-g44b401c (webtiles) character file.

1 Whiskey the Firebug (level 6, -3/32 HPs) *CASUAL*
             Began as a Deep Elf Fire Elementalist on July 25, 2018.
             Killed from afar by Sigmund (8 damage)
             ... with a magic dart
             ... on level 3 of the Dungeon.
             The game lasted 00:07:25 (2677 turns).

Whiskey the Firebug (Deep Elf Fire Elementalist)    Turns: 2677, Time: 00:07:25

Health: -3/32      AC:  6 (0%)Str:  7   XL:     6   Next: 99%
Magic:  13/13      EV: 16    Int: 20    God:
Gold:   138        SH:  0    Dex: 15    Spells: 3/12 levels left

rFire    . . .     SeeInvis .   e - +1 hand axe (vamp) {!w}
rCold    . . .     Faith    .   (no shield)
rNeg     . . .     Spirit   .   a - +0 robe
rPois    .         Reflect  .   g - +0 helmet
rElec    .                      l - +2 cloak {Stlth+}
rCorr    .                      (no gloves)
MR       .....                  (no boots)
Stlth    ++........             (no amulet)
Regen    0.1/turn               (no ring)
MPRegen  0.2/turn               (no ring)

@: confused
A: magic attunement
a: no special abilities


You were on level 3 of the Dungeon.
You were not hungry.

You visited 1 branch of the dungeon, and saw 3 of its levels.

You collected 138 gold pieces.

Inventory:

Hand Weapons
 e - a +1 vampiric hand axe (weapon) {!w}
   (You found it on level 1 of the Dungeon)
Armour
 a - a +0 robe (worn)
 g - a +0 helmet (worn)
   (You took it off Samantha on level 2 of the Dungeon)
 h - a +0 cloak
   (You found it on level 2 of the Dungeon)
 l - a +2 cloak of stealth (worn)
   (You found it on level 2 of the Dungeon)
Jewellery
 j - a +3 ring of evasion
   (You found it on level 2 of the Dungeon)
 m - an uncursed amulet of guardian spirit {Spirit}
   (You found it on level 2 of the Dungeon)
Scrolls
 d - a scroll of magic mapping {!r}
 f - 2 scrolls of teleportation
 i - a scroll of enchant armour
Potions
 b - a potion of flight
 c - a potion of haste
 k - a potion of invisibility
 n - 3 potions of lignification
 o - a potion of augmentation


   Skills:
 + Level 5.7 Dodging
 - Level 4.2 Stealth
 * Level 7.2 Fire Magic


You had 3 spell levels left.
You knew the following spells:

 Your Spells              Type           Power        Failure   Level  Hunger
a - Flame Tongue          Fire           29 (40)      1%          1    N/A
c - Conjure Flame         Fire/Air       14 (100)     13%         3    N/A
f - Fireball              Fire           29 (200)     26%         5    N/A

Your spell library contained the following spells:

 Spells                   Type           Power        Failure   Level  Hunger
 Sticky Flame             Fire           29 (100)     10%         4    N/A
 Searing Ray              Fire           29 (50)      1%          2    N/A

Dungeon Overview and Level Annotations

Branches:
Dungeon (3/15)

Altars:
Gozag
Ru
Xom
The Shining One

Annotations:
D:3 Sigmund


Innate Abilities, Weirdness & Mutations

Your non-sustained spells cost 1 less MP to cast


Message History

No target in view!
No target in view!
No target in view!
You now have 131 gold pieces (gained 5).
A rat comes into view.
The rat closely misses you.
You closely miss the rat. The rat bites you (3). The rat closely misses you.
You take 3 damage, and have 29/32 hp.
You hit the rat (2).
You feel better. The rat closely misses you.
You regained 2 hp, and now have 31/32 hp.
You hit the rat (1).
You feel better.
You kill the rat!
Health restored: 32 No target in view!
No target in view!
No target in view!
No target in view!
No target in view!
You open the door. You open the door.
There is an open door here.
You now have 138 gold pieces (gained 7).
The scorpion is too close now for your liking.
Okay, then.
Things that are here:
a +4 hand axe; a +0 scale mail
Found a stone staircase leading down.
Aim: a scorpion (hasn't noticed you)
The flame tongue hits the scorpion (1).
Aim: a scorpion (lightly wounded)
The flame tongue hits the scorpion (5).
Aim: a scorpion (moderately wounded)
The flame tongue hits the scorpion (1).
Aim: a scorpion (moderately wounded)
The flame tongue hits the scorpion (0).
The scorpion appears unharmed.
The scorpion closely misses you.
Aim: a scorpion (moderately wounded)
The flame tongue misses the scorpion.
The scorpion barely misses you.
Aim: a scorpion (moderately wounded)
The flame tongue hits the scorpion (3).
The scorpion stings you (4).
You are poisoned.
The scorpion poisons you!
You take 4 damage, and have 28/32 hp.
Aim: a scorpion (heavily wounded)
The flame tongue hits the scorpion (14).
You kill the scorpion!
Your Fire Magic skill increases to level 7!
You feel very sick.
You take 3 damage, and have 25/32 hp.
You can't see any susceptible monsters within range! (Use Z to cast anyway.)
You start resting.
You feel sick. x5
You are no longer poisoned.
You take 5 damage, and have 20/32 hp.
You start resting.
Health restored: 32 A frilled lizard comes into view.
The frilled lizard hisses angrily.
Sigmund the Dreaded comes into view.
The frilled lizard barely misses you.
You miss the frilled lizard. The frilled lizard barely misses you.
The frilled lizard bites you but does no damage.
Sigmund shouts!
You hit the frilled lizard but do no damage.
Sigmund misses you. The frilled lizard bites you (1).
You take 1 damage, and have 31/32 hp.
You hit the frilled lizard (6).
You kill the frilled lizard!
Sigmund hits you from afar (8)!
You take 8 damage, and have 23/32 hp.
MASSIVE DAMAGE!!
Sigmund hits you (14)!
* * * LOW HITPOINT WARNING * * *
You are too injured to fight recklessly!
You take 14 damage, and have 9/32 hp.
MASSIVE DAMAGE!!
You are too injured to fight recklessly!
You are too injured to fight recklessly!
Aim: Sigmund, wearing a +0 robe The flame tongue hits Sigmund (1).
Sigmund barely misses you.
Aim: Sigmund, wearing a +0 robe (lightly wounded)
The flame tongue hits Sigmund (3).
Sigmund barely misses you.
Aim: Sigmund, wearing a +0 robe (lightly wounded)
The flame tongue hits Sigmund (8).
Sigmund hits you (5).
* * * LOW HITPOINT WARNING * * *
You take 5 damage, and have 5/32 hp.
Aim: Sigmund, wearing a +0 robe (heavily wounded)
The flame tongue hits Sigmund (4).
Sigmund gestures at you while chanting.
You are confused.
You're too confused to cast spells.
You're too confused!
Unknown command.
Okay, then.
Sigmund points at you and mumbles some strange words.
The puff of flame misses you.
Sigmund points at you and mumbles some strange words.
The magic dart hits you! Sigmund gestures at you while chanting.
The puff of flame misses you. Sigmund gestures at you while chanting.
The magic dart hits you!
That hurt (8)!
You die...

..... #... ##.8
#@.# #..#######
######.........
.................
..######....#####
..# ##@.######.
... #..#...>..#
#.# ##....# .#
####..##...###
..# #......>...#
... .####..#..#
#.#
######)#..###..#
# #.............#
.# #..
#.###.......###
..# #...


You could see Sigmund.

Vanquished Creatures
  2 scorpions (D:3)
  Terence (D:3)
  Samantha (D:2)
  3 gnolls (D:3)
  2 adders (D:2)
  An ooze (D:1)
  3 dart slugs
  A quokka (D:3)
  13 goblins
  9 hobgoblins
  6 jackals
  6 kobolds
  2 ball pythons (D:1)
  5 bats
  5 frilled lizards
  12 rats
72 creatures vanquished.

Notes
Turn   | Place    | Note
-------+----------+-------------------------------------------
     0 | D:1      | Whiskey the Deep Elf Fire Elementalist began the quest for the Orb.
     0 | D:1      | Reached XP level 1. HP: 10/10 MP: 4/4
    94 | D:1      | Reached XP level 2. HP: 14/15 MP: 6/6
   165 | D:1      | Reached skill level 3 in Dodging
   175 | D:1      | Reached skill level 3 in Stealth
   230 | D:1      | Reached XP level 3. HP: 19/19 MP: 8/8
   260 | D:1      | Reached skill level 5 in Fire Magic
   535 | D:2      | Noticed Samantha
   554 | D:2      | Killed Samantha
   554 | D:2      | Reached skill level 4 in Stealth
   554 | D:2      | Reached XP level 4. HP: 20/24 MP: 9/9
   764 | D:2      | Found a shimmering altar of Xom.
   962 | D:2      | Found an opulent altar of Gozag.
   987 | D:2      | Found a glowing golden altar of the Shining One.
  1233 | D:2      | Reached skill level 4 in Dodging
  1233 | D:2      | Reached XP level 5. HP: 28/28 MP: 11/11
  1658 | D:3      | HP: 7/28 [gnoll/+0 spear (4)]
  1659 | D:3      | HP: 3/28 [poisoned by a scorpion]
  1663 | D:3      | HP: 1/28 [poisoned by a scorpion]
  1664 | D:3      | Found a sacrificial altar of Ru.
  1980 | D:3      | HP: 4/28 [scorpion (8)]
  1984 | D:3      | HP: 1/28 [poisoned by a scorpion]
  1985 | D:3      | Reached skill level 5 in Dodging
  1985 | D:3      | Reached skill level 6 in Fire Magic
  1985 | D:3      | Reached XP level 6. HP: 1/32 MP: 13/13
  2115 | D:3      | Learned a level 3 spell: Conjure Flame
  2116 | D:3      | Learned a level 5 spell: Fireball
  2300 | D:3      | Noticed Terence
  2308 | D:3      | Killed Terence
  2541 | D:3      | Reached skill level 7 in Fire Magic
  2664 | D:3      | Noticed Sigmund
  2672 | D:3      | HP: 5/32 [Sigmund (5)]
  2677 | D:3      | Killed from afar by Sigmund

Skill      XL: |  1  2  3  4  5  6 |
---------------+-------------------+-----
Dodging        | 3 4 5 |  5.7
Stealth        | 3 4 |  4.2
Fire Magic     | 5 6 7 |  7.2

Action                   |  1- 3 |  4- 6 || total
-------------------------+-------+-------++-------
Melee: Hand axe          |     1 |   111 ||   112
 Cast: Flame Tongue      |    45 |    51 ||    96
  Use: Scroll            |       |     1 ||     1
       Potion            |       |     1 ||     1
 Stab: Sleeping          |       |    11 ||    11
Armor: Robe              |     1 |    35 ||    36
Dodge: Dodged            |     5 |   123 ||   128

Vault maps used:
D:1:      scummos_arrival_star
D:2:      lemuel_crystal_altar, lemuel_crystal_altar, grunt_gozag_statues,
          uniq_robin
D:3:      hangedman_ru_absence, minitemple, minivault_11, minmay_unequal,
          uniq_sigmund, uniq_terence

Table legend:
 A = Turns spent in this place as a percentage of turns spent in the entire game.
 B = Non-inter-level travel turns spent in this place as a percentage of non-inter-level travel turns spent in the entire game.
 C = Inter-level travel turns spent in this place as a percentage of turns spent in this place.
 D = Turns resting spent in this place as a percentage of non-inter-level travel turns spent in this place.
 E = Turns spent auto-exploring this place as a percentage of non-inter-level travel turns spent in this place.
 F = Non-inter-level travel turns spent in this place divided by the number of levels of this place that you've seen.
                   A       B       C       D       E      F
               +-------+-------+-------+-------+-------+----------------------
         Total | 100.0 | 100.0 |   0.3 |   3.9 |   9.7 | 229.3
       Dungeon | 100.0 | 100.0 |   0.3 |   3.9 |   9.7 | 229.3
               +-------+-------+-------+-------+-------+----------------------

Table legend:
 A = Kills in this place as a percentage of kills in entire the game.
 B = Kills by you in this place as a percentage of kills by you in the entire game.
 C = Kills by friends in this place as a percentage of kills by friends in the entire game.
 D = Other kills in this place as a percentage of other kills in the entire game.
 E = Experience gained in this place as a percentage of experience gained in the entire game.
 F = Experience gained in this place divided by the number of levels of this place that you have seen.
                   A       B       C       D       E      F
               +-------+-------+-------+-------+-------+----------------------
         Total | 100.0 | 100.0 |  -nan |  -nan | 100.0 | 244.0
       Dungeon | 100.0 | 100.0 |  -nan |  -nan | 100.0 | 244.0
               +-------+-------+-------+-------+-------+----------------------
